[Event "28th Hit Open-A 2024"]
[Site "Nova Gorica"]
[Date "2024.01.31"]
[Round "7.21"]
[White "Veselic, Maks"]
[Black "Kejzar, Petra"]
[Result "0-1"]
[ECO "B22"]
[WhiteElo "1874"]
[BlackElo "2025"]
[Annotator "NA COMBH"]
[PlyCount "72"]
[EventDate "2024.01.22"]
[EventType "swiss"]
[EventCountry "SLO"]
[SourceTitle "playchess.com"]
[Source "ChessBase"]
[SourceQuality "1"]
[TimeControl "5400+30"]

1. e4 c5 2. Nf3 e6 3. c3 Nf6 4. e5 Nd5 5. d4 cxd4 6. cxd4 d6 7. Nc3 Nxc3 8. bxc3 Qc7 9. Bd2 Nd7 10. exd6 Bxd6 11. Bd3 O-O 12. Qc2 h6 13. Qc1 f5 14. O-O e5 15. dxe5 Nxe5 16. Nxe5 Bxe5 17. h3 Be6 18. Re1 Bd5 19. Qc2 Rf6 20. Bf1 Rc8 21. Rad1 Be4 22. Bd3 Bh2+ 23. Kf1 Bxg2+ 24. Kxg2 Rg6+ 25. Kh1 Qc6+ 26. Be4 fxe4 27. Qxe4 Rg1+ 28. Kxh2 Qxe4 29. Rxg1 Rd8 30. Be3 Rxd1 31. Rxd1 Qe5+ 32. Kg1 Qxc3 33. Bxa7 Qxh3 34. Rb1 Qg4+ 35. Kf1 Qa4 36. Be3 Qxa2 0-1

[Event "28th Hit Open-A 2024"]
[Site "Nova Gorica"]
[Date "2024.01.31"]
[Round "7.22"]
[White "Zupancic, Urban"]
[Black "Tonel, Giulia"]
[Result "1-0"]
[ECO "C82"]
[WhiteElo "2025"]
[BlackElo "1851"]
[Annotator "NA RC"]
[PlyCount "63"]
[EventDate "2024.01.22"]
[EventType "swiss"]
[EventCountry "SLO"]
[SourceTitle "playchess.com"]
[Source "ChessBase"]
[SourceQuality "1"]
[TimeControl "5400+30"]

1. e4 e5 2. Nf3 Nc6 3. Bb5 a6 4. Ba4 Nf6 5. O-O Nxe4 6. d4 b5 7. Bb3 d5 8. dxe5 Be6 9. c3 Bc5 10. Nbd2 O-O 11. Nxe4 dxe4 12. Ng5 Bxb3 13. axb3 e3 14. Bxe3 Bxe3 15. Qxd8 Rfxd8 16. fxe3 Nxe5 17. Rfd1 Re8 18. h3 f6 19. Ne4 a5 20. Nc5 Kf7 21. Kf2 Re7 22. Rd4 g5 23. Rad1 h5 24. Rd8 Rxd8 25. Rxd8 a4 26. bxa4 Nc4 27. b3 Nxe3 28. a5 Nf5 29. a6 Kg6 30. a7 h4 31. a8=Q Ng3 32. Re8 1-0

[Event "28th Hit Open-A 2024"]
[Site "Nova Gorica"]
[Date "2024.01.31"]
[Round "7.23"]
[White "Dorokhina, Elizaveta"]
[Black "Gergolet, Jan"]
[Result "1-0"]
[ECO "D11"]
[WhiteElo "1994"]
[BlackElo "1632"]
[Annotator "NA RC"]
[PlyCount "93"]
[EventDate "2024.01.22"]
[EventType "swiss"]
[EventCountry "SLO"]
[SourceTitle "playchess.com"]
[Source "ChessBase"]
[SourceQuality "1"]
[TimeControl "5400+30"]

1. d4 d5 2. c4 c6 3. e3 Nf6 4. Nf3 Bg4 5. Bd3 dxc4 6. Bxc4 e6 7. O-O Be7 8. Nbd2 Nbd7 9. Re1 O-O 10. h3 Bh5 11. b3 e5 12. g4 e4 13. Ne5 Bg6 14. Nxg6 hxg6 15. Qc2 Qa5 16. Rd1 Rad8 17. Nxe4 Nd5 18. Bd2 Qa3 19. Qc1 Qxc1 20. Bxc1 N7f6 21. Nxf6+ gxf6 22. Bb2 Nc7 23. Rac1 Ne6 24. d5 Ng5 25. dxc6 bxc6 26. Kg2 Rxd1 27. Rxd1 Rd8 28. Rxd8+ Bxd8 29. Bd4 a5 30. f3 Ne6 31. Bxe6 fxe6 32. Bc5 Bc7 33. f4 Kf7 34. Kf3 f5 35. e4 g5 36. fxg5 fxe4+ 37. Kxe4 Kg6 38. Be3 Bg3 39. Bf4 Be1 40. Ke5 c5 41. Kxe6 a4 42. Kd5 axb3 43. axb3 Bf2 44. Bd6 Kxg5 45. Bxc5 Bg3 46. Be7+ Kg6 47. b4 1-0

[Event "28th Hit Open-A 2024"]
[Site "Nova Gorica"]
[Date "2024.01.31"]
[Round "7.24"]
[White "Trybus, Dominika"]
[Black "Pirs, Matjaz"]
[Result "0-1"]
[ECO "B13"]
[WhiteElo "1530"]
[BlackElo "1965"]
[Annotator "NA RC"]
[PlyCount "209"]
[EventDate "2024.01.22"]
[EventType "swiss"]
[EventCountry "SLO"]
[SourceTitle "playchess.com"]
[Source "ChessBase"]
[SourceQuality "1"]
[TimeControl "5400+30"]

1. e4 c6 2. d4 d5 3. exd5 cxd5 4. Bd3 Nc6 5. c3 Nf6 6. Bf4 Bg4 7. Qb3 Qc8 8. Na3 a6 9. f3 Bd7 10. Ne2 e6 11. O-O Be7 12. Nc2 Nh5 13. Ne1 Nxf4 14. Nxf4 Qc7 15. Ne2 Bd6 16. f4 g6 17. Qd1 O-O 18. Qd2 Kg7 19. Nf3 f6 20. Bc2 Rac8 21. Rad1 Na5 22. b3 Bb5 23. Ne1 Bxe2 24. Qxe2 Rfe8 25. b4 Nc4 26. Qf3 Na3 27. Rd3 Re7 28. Qe3 Bxb4 29. cxb4 Nxc2 30. Nxc2 Qxc2 31. a3 Kf7 32. Qh3 Kg7 33. Qe3 Rcc7 34. Re1 Qb2 35. Rb3 Qc2 36. Rd3 Kf7 37. Qh3 Ke8 38. Rde3 Qd2 39. Rxe6 Qxe1+ 40. Rxe1 Rxe1+ 41. Kf2 Re4 42. g3 Rc2+ 43. Kf3 Rc3+ 44. Kf2 Rc7 45. Qh4 Rf7 46. Qg4 f5 47. Qd1 Kf8 48. h4 Rc7 49. h5 Kg7 50. hxg6 hxg6 51. Qb3 Rc4 52. Qa4 Re7 53. Qa5 Rd7 54. b5 axb5 55. Qxb5 Rcc7 56. Qb3 Kf7 57. a4 Rc4 58. Qb5 Ke7 59. Qb6 Rc6 60. Qb4+ Kd8 61. Qa5+ Kc8 62. Qa8+ Kc7 63. Qa5+ Kb8 64. Qb5 Rdd6 65. Qb4 Re6 66. Qa5 Red6 67. Qb4 Kc7 68. Qa5+ Kd7 69. Qb5 b6 70. Qa6 Rc7 71. Qb5+ Ke7 72. a5 bxa5 73. Qxa5 Rc4 74. Qa7+ Rd7 75. Qb6 Kf7 76. Qb5 Ke6 77. Qb6+ Rd6 78. Qb2 Kf6 79. Qb8 Ke7 80. Qb7+ Rd7 81. Qb6 Kf7 82. Qb5 Rcc7 83. Qb8 Kg7 84. Qb5 Kh7 85. Kg2 Rb7 86. Qd3 Re7 87. Kf2 Rb2+ 88. Kf1 Ra7 89. Qd1 Raa2 90. Qe1 Rb7 91. Kg1 Kh6 92. Kf1 Rbb2 93. g4 Rf2+ 94. Kg1 Rg2+ 95. Kf1 Rxg4 96. Qe5 Ra8 97. Qxd5 Rxf4+ 98. Ke2 Re8+ 99. Kd2 Ree4 100. Qg8 Rxd4+ 101. Ke2 Rde4+ 102. Kd2 Kg5 103. Qd8+ Kg4 104. Qf6 Rd4+ 105. Ke2 0-1

[Event "28th Hit Open-A 2024"]
[Site "Nova Gorica"]
[Date "2024.01.31"]
[Round "7.25"]
[White "Budai, Leonardo"]
[Black "Kukushkin, Ivan"]
[Result "1-0"]
[ECO "B12"]
[WhiteElo "1847"]
[BlackElo "1890"]
[Annotator "NA RC"]
[PlyCount "116"]
[EventDate "2024.01.22"]
[EventType "swiss"]
[EventCountry "SLO"]
[SourceTitle "playchess.com"]
[Source "ChessBase"]
[SourceQuality "1"]
[TimeControl "5400+30"]

1. e4 c6 2. d4 d5 3. e5 c5 4. dxc5 e6 5. Be3 Nd7 6. Bb5 Ne7 7. Bd4 Nc6 8. Bxc6 bxc6 9. b4 a5 10. c3 axb4 11. cxb4 Ba6 12. Ne2 Qb8 13. a3 Nxe5 14. O-O Nd7 15. f4 Nf6 16. Nbc3 Be7 17. Rf3 Rg8 18. Be5 Qb7 19. Nd4 g6 20. Nb3 Nd7 21. Na5 Qc8 22. Qe1 Bd8 23. Nb3 Be7 24. Re3 Bc4 25. Nd4 h5 26. Nb1 Nxe5 27. fxe5 Bg5 28. Rf3 Qc7 29. Nc3 Bh6 30. Qg3 Bd2 31. Rd1 Bxc3 32. Rxc3 Rc8 33. h4 Qe7 34. Rf3 Rg7 35. Rf6 Rc7 36. Rd2 Qd8 37. Rdf2 Bb5 38. Qg5 Qe7 39. Qh6 Rg8 40. Qh7 Rf8 41. Nxe6 d4 42. Nxc7+ Qxc7 43. Rd6 Qe7 44. Qg7 Bc4 45. Rxd4 Bd5 46. Qf6 Qa7 47. e6 Qxa3 48. exf7+ Kd7 49. Qd6+ Kc8 50. Qxf8+ Kb7 51. Qe7+ Ka6 52. b5+ Kxb5 53. Qb7+ Kxc5 54. f8=Q+ Kxd4 55. Qxa3 Bxg2 56. Qd7+ Bd5 57. Rd2+ Kc4 58. Qdd6 Bh1 1-0

[Event "28th Hit Open-A 2024"]
[Site "Nova Gorica"]
[Date "2024.01.31"]
[Round "7.26"]
[White "Ongut, Tamas Gunes"]
[Black "Pagano, Sergio"]
[Result "1-0"]
[ECO "D32"]
[WhiteElo "2310"]
[BlackElo "1821"]
[Annotator "RC"]
[PlyCount "61"]
[EventDate "2024.01.22"]
[EventType "swiss"]
[EventCountry "SLO"]
[SourceTitle "playchess.com"]
[Source "ChessBase"]
[SourceQuality "1"]
[TimeControl "5400+30"]

1. d4 d5 2. c4 e6 3. Nc3 c5 4. cxd5 exd5 5. Nf3 Nc6 6. dxc5 d4 7. Ne4 Bxc5 8. Nxc5 Qa5+ 9. Bd2 Qxc5 10. b4 Qb6 11. a4 a6 12. a5 Qd8 13. g3 Be6 14. Bg2 Nge7 15. O-O O-O 16. Ng5 Bf5 17. e4 Bg6 18. f4 h6 19. Nh3 f6 20. Nf2 Bf7 21. Rc1 b5 22. Re1 Bc4 23. Bf1 d3 24. Bc3 Nd4 25. Nxd3 Bb3 26. Qg4 Nc2 27. Nc5 Nxe1 28. Nxb3 Qc8 29. Qe2 Qc4 30. Qxc4+ bxc4 31. Bxc4+ 1-0

[Event "28th Hit Open-A 2024"]
[Site "Nova Gorica"]
[Date "2024.01.31"]
[Round "7.27"]
[White "Racnik, Tone"]
[Black "Herega, Nejc"]
[Result "0-1"]
[ECO "B38"]
[WhiteElo "1849"]
[BlackElo "2257"]
[Annotator "RC"]
[PlyCount "90"]
[EventDate "2024.01.22"]
[EventType "swiss"]
[EventCountry "SLO"]
[SourceTitle "playchess.com"]
[Source "ChessBase"]
[SourceQuality "1"]
[TimeControl "5400+30"]

1. e4 c5 2. c4 Nc6 3. Nf3 g6 4. d4 cxd4 5. Nxd4 Bg7 6. Be3 Nf6 7. Nc3 d6 8. Be2 O-O 9. O-O Nxd4 10. Bxd4 a5 11. Rc1 Bd7 12. Nd5 Nxd5 13. Bxg7 Ne3 14. Qd4 Nxf1 15. Bxf8 Qxf8 16. Rxf1 Rc8 17. b3 Bc6 18. a3 Qg7 19. Qxg7+ Kxg7 20. Bd3 Kf6 21. f4 e6 22. g4 h6 23. h4 Ke7 24. Kf2 b6 25. Rc1 Bb7 26. Rc2 f6 27. Ke3 Rg8 28. b4 axb4 29. axb4 Ra8 30. c5 dxc5 31. bxc5 bxc5 32. Rxc5 Kd6 33. Rc3 Ra1 34. Be2 Rh1 35. h5 Rh3+ 36. Bf3 gxh5 37. gxh5 f5 38. e5+ Kd7 39. Rd3+ Ke7 40. Kf2 Bxf3 41. Rxf3 Rxh5 42. Kg3 Rh1 43. Rf2 Rg1+ 44. Rg2 Rxg2+ 45. Kxg2 Kd7 0-1

[Event "28th Hit Open-A 2024"]
[Site "Nova Gorica"]
[Date "2024.01.31"]
[Round "7.28"]
[White "Garsky, Vladyslav"]
[Black "Novak, Rok"]
[Result "1/2-1/2"]
[ECO "B13"]
[WhiteElo "2186"]
[BlackElo "1777"]
[Annotator "RC"]
[PlyCount "83"]
[EventDate "2024.01.22"]
[EventType "swiss"]
[EventCountry "SLO"]
[SourceTitle "playchess.com"]
[Source "ChessBase"]
[SourceQuality "1"]
[TimeControl "5400+30"]

1. e4 c6 2. d4 d5 3. exd5 cxd5 4. Bd3 Nc6 5. c3 Nf6 6. Nf3 Bg4 7. h3 Bh5 8. Bf4 e6 9. Nbd2 Bd6 10. Bxd6 Qxd6 11. O-O O-O 12. Re1 Rab8 13. a3 Rfc8 14. Qb1 Bg6 15. Bxg6 hxg6 16. Qd3 b5 17. b4 Nd7 18. Nb3 e5 19. dxe5 Ncxe5 20. Nxe5 Nxe5 21. Qg3 Re8 22. Nc5 Nc4 23. Qxd6 Nxd6 24. Red1 Ne4 25. Nxe4 dxe4 26. Rd7 Rbc8 27. Rxa7 Rxc3 28. Rd1 Rd3 29. Rc1 e3 30. fxe3 Rdxe3 31. Rc5 Re1+ 32. Kf2 R8e2+ 33. Kf3 Re3+ 34. Kf4 R3e2 35. Rg5 Kh7 36. Kf3 f5 37. h4 Re3+ 38. Kf2 R1e2+ 39. Kg1 Kh6 40. Rb7 Re4 41. Rg3 Re1+ 42. Kf2 1/2-1/2

[Event "28th Hit Open-A 2024"]
[Site "Nova Gorica"]
[Date "2024.01.31"]
[Round "7.30"]
[White "Guid, Taja"]
[Black "Labrovic, Jakov"]
[Result "1/2-1/2"]
[ECO "C50"]
[WhiteElo "1698"]
[BlackElo "1925"]
[Annotator "NA RC"]
[PlyCount "118"]
[EventDate "2024.01.22"]
[EventType "swiss"]
[EventCountry "SLO"]
[SourceTitle "playchess.com"]
[Source "ChessBase"]
[SourceQuality "1"]
[TimeControl "5400+30"]

1. e4 e5 2. Bc4 Nc6 3. Nc3 Bc5 4. d3 d6 5. Nf3 h6 6. O-O Nf6 7. h3 a6 8. a3 Be6 9. Nd5 Bxd5 10. Bxd5 Nxd5 11. exd5 Ne7 12. b4 Ba7 13. c4 O-O 14. Be3 f5 15. Bxa7 Rxa7 16. Re1 g5 17. Nh2 Qe8 18. a4 Qg6 19. f3 h5 20. d4 Qf6 21. dxe5 dxe5 22. Qe2 Ng6 23. Qe3 Raa8 24. Rad1 Rae8 25. Qc5 Qd6 26. Qxd6 cxd6 27. Rd2 Rc8 28. Rc1 b6 29. Nf1 Rc7 30. Rdc2 Ne7 31. g4 hxg4 32. hxg4 fxg4 33. fxg4 Rf4 34. Ne3 Re4 35. Kf2 Ng6 36. Nf5 Nh4 37. Nxd6 Rxg4 38. Rg1 Rf4+ 39. Ke3 Nf3 40. Rg3 g4 41. Rcg2 Rg7 42. Ne4 Nh4 43. c5 bxc5 44. bxc5 Nf5+ 45. Kd3 Nxg3 46. Rxg3 Kf8 47. c6 Ke8 48. d6 Rh7 49. c7 Kd7 50. Rxg4 Rh3+ 51. Ke2 Rxg4 52. Nf6+ Kc8 53. Nxg4 Rh8 54. Nf6 Kb7 55. Nd5 Kc6 56. Ne7+ Kd7 57. Ke3 Kxd6 58. c8=Q Rxc8 59. Nxc8+ Kc7 1/2-1/2

[Event "28th Hit Open-A 2024"]
[Site "Nova Gorica"]
[Date "2024.01.31"]
[Round "7.31"]
[White "Mazzi, Leonardo"]
[Black "Horvath, Andras"]
[Result "1-0"]
[ECO "C54"]
[WhiteElo "1647"]
[BlackElo "1901"]
[Annotator "NA COMBH"]
[PlyCount "49"]
[EventDate "2024.01.22"]
[EventType "swiss"]
[EventCountry "SLO"]
[SourceTitle "playchess.com"]
[Source "ChessBase"]
[SourceQuality "1"]
[TimeControl "5400+30"]

1. e4 e5 2. Nf3 Nc6 3. Bc4 Nf6 4. d3 Bc5 5. c3 d6 6. Nbd2 a6 7. Bb3 Ba7 8. h3 O-O 9. Nf1 Ne7 10. Ng3 Ng6 11. O-O h6 12. Re1 Re8 13. d4 exd4 14. cxd4 Be6 15. Bc2 c6 16. Be3 Qc7 17. Qd2 Rad8 18. a3 Bb8 19. Rac1 d5 20. e5 Nd7 21. Bb1 Ndf8 22. Nh5 Qe7 23. Bxh6 gxh6 24. Qxh6 f5 25. Nf6+ 1-0

[Event "28th Hit Open-A 2024"]
[Site "Nova Gorica"]
[Date "2024.01.31"]
[Round "7.32"]
[White "Hozjan, Erik"]
[Black "Ivsek, Cveto"]
[Result "0-1"]
[ECO "B11"]
[WhiteElo "1897"]
[BlackElo "1711"]
[Annotator "NA COMBH"]
[PlyCount "58"]
[EventDate "2024.01.22"]
[EventType "swiss"]
[EventCountry "SLO"]
[SourceTitle "playchess.com"]
[Source "ChessBase"]
[SourceQuality "1"]
[TimeControl "5400+30"]

1. e4 c6 2. Nc3 d5 3. Nf3 dxe4 4. Nxe4 Bg4 5. h3 Bxf3 6. Qxf3 e6 7. c3 Nd7 8. d4 Ngf6 9. Bd3 Nxe4 10. Bxe4 Nf6 11. Bc2 h6 12. Bb3 Bd6 13. g4 Nd5 14. Bd2 Qf6 15. Bxd5 cxd5 16. Qxf6 gxf6 17. f4 Ke7 18. Kf2 h5 19. Kf3 Rh7 20. Rag1 hxg4+ 21. hxg4 Rah8 22. Rxh7 Rxh7 23. Be1 Rh2 24. b4 b5 25. g5 f5 26. g6 fxg6 27. Rxg6 Kf7 28. Bg3 Rh8 29. Rg5 Be7 0-1

[Event "28th Hit Open-A 2024"]
[Site "Nova Gorica"]
[Date "2024.01.31"]
[Round "7.33"]
[White "Milicevic, Zoran"]
[Black "Atakay, Mustafa"]
[Result "1/2-1/2"]
[ECO "B10"]
[WhiteElo "1550"]
[BlackElo "1889"]
[Annotator "NA COMBH"]
[PlyCount "55"]
[EventDate "2024.01.22"]
[EventType "swiss"]
[EventCountry "SLO"]
[SourceTitle "playchess.com"]
[Source "ChessBase"]
[SourceQuality "1"]
[TimeControl "5400+30"]

1. e4 c6 2. Nf3 d5 3. exd5 cxd5 4. g3 Nf6 5. Bg2 Bg4 6. O-O e6 7. c3 Bd6 8. Qa4+ Qd7 9. Qxd7+ Nbxd7 10. d4 O-O 11. Re1 Rab8 12. a4 a5 13. Na3 Bxa3 14. Rxa3 b5 15. axb5 Rxb5 16. Ne5 Ra8 17. Nxd7 Nxd7 18. c4 Rb4 19. cxd5 exd5 20. Bxd5 Rc8 21. Rxa5 Nf6 22. Ra8 Rxa8 23. Bxa8 Rxd4 24. Kg2 Be6 25. Bf3 Rb4 26. Rd1 h6 27. Rd6 Rb3 28. Bd2 1/2-1/2

[Event "28th Hit Open-A 2024"]
[Site "Nova Gorica"]
[Date "2024.01.31"]
[Round "7.34"]
[White "Pagnutti, Lorenzo"]
[Black "Petrovcic, Cvetko"]
[Result "1-0"]
[ECO "C54"]
[WhiteElo "1859"]
[BlackElo "1611"]
[Annotator "NA RC"]
[PlyCount "120"]
[EventDate "2024.01.22"]
[EventType "swiss"]
[EventCountry "SLO"]
[SourceTitle "playchess.com"]
[Source "ChessBase"]
[SourceQuality "1"]
[TimeControl "5400+30"]

1. e4 e5 2. Nf3 Nc6 3. Bc4 Bc5 4. c3 Nf6 5. d3 d6 6. O-O Bg4 7. Re1 Qd7 8. a4 a5 9. Nbd2 O-O 10. Nf1 Ne7 11. Bg5 Nh5 12. h3 Be6 13. Nxe5 dxe5 14. Qxh5 Ng6 15. Qe2 Nf4 16. Bxf4 exf4 17. Bxe6 fxe6 18. d4 f3 19. gxf3 Bb6 20. e5 Rf4 21. Nh2 Raf8 22. Qf1 Qf7 23. Qg2 c5 24. dxc5 Bxc5 25. b3 Qf5 26. Rad1 Rh4 27. Rd7 g6 28. Ng4 Qxf3 29. Nf6+ Rxf6 30. exf6 Qxc3 31. Red1 Qxf6 32. Rd8+ Kg7 33. Qxb7+ Kh6 34. Qg2 Rh5 35. R8d3 Rf5 36. R1d2 Qa1+ 37. Kh2 Qe1 38. Qg1 Qe5+ 39. Kh1 Rg5 40. Qf1 Qe4+ 41. f3 Qf5 42. Rg2 Rh5 43. Rg4 Kg7 44. Kg2 Rxh3 45. Rd7+ Kg8 46. Rd8+ Kf7 47. Kxh3 h5 48. Qe2 Be7 49. Rdd4 hxg4+ 50. fxg4 Qg5 51. Re4 Qd5 52. Qf1+ Kg7 53. Re3 e5 54. Qa1 Bd6 55. Qf1 Bc5 56. Rc3 e4 57. Qb5 e3 58. Qxc5 Qh1+ 59. Kg3 Qg1+ 60. Kf3 Qf2+ 1-0

[Event "28th Hit Open-A 2024"]
[Site "Nova Gorica"]
[Date "2024.01.31"]
[Round "7.35"]
[White "Budai, Federico"]
[Black "Beber, Anja"]
[Result "1-0"]
[ECO "C60"]
[WhiteElo "1861"]
[BlackElo "1606"]
[Annotator "NA RC"]
[PlyCount "135"]
[EventDate "2024.01.22"]
[EventType "swiss"]
[EventCountry "SLO"]
[SourceTitle "playchess.com"]
[Source "ChessBase"]
[SourceQuality "1"]
[TimeControl "5400+30"]

1. e4 e5 2. Nf3 Nc6 3. Bb5 Nge7 4. O-O g6 5. c3 Bg7 6. d4 a6 7. Ba4 b5 8. Bb3 d6 9. Re1 O-O 10. h3 h6 11. Nbd2 exd4 12. cxd4 Nxd4 13. Nxd4 Bxd4 14. Nf3 Bg7 15. Qe2 Bb7 16. a4 Bc6 17. Bf4 g5 18. Bh2 Ng6 19. Qc2 bxa4 20. Bxf7+ Rxf7 21. Qxc6 Bxb2 22. Rxa4 Ne7 23. Qb7 Bg7 24. Rxa6 Rxa6 25. Qxa6 Ng6 26. Qc4 Qd7 27. Bg3 Kh7 28. Qc2 Be5 29. Nxe5 Nxe5 30. Bxe5 dxe5 31. Rd1 Qe7 32. Rd5 Qf6 33. Qc5 Re7 34. Qe3 Qf4 35. Qxf4 gxf4 36. f3 Kg7 37. g3 fxg3 38. Kg2 Kf7 39. Rc5 Kg6 40. Rc6+ Kh5 41. Kxg3 Rg7+ 42. Kf2 Re7 43. Ke3 Kg5 44. Kf2 Kh5 45. Kg3 Rg7+ 46. Kf2 Re7 47. Rf6 Kg5 48. Rc6 Kh5 49. Kg2 Rg7+ 50. Kh2 Re7 51. Kg3 Rg7+ 52. Kf2 Re7 53. Ke3 Kg5 54. h4+ Kxh4 55. Rxh6+ Kg5 56. Rc6 Kh5 57. f4 exf4+ 58. Kxf4 Rf7+ 59. Ke5 Kg5 60. Kd5 Re7 61. e5 Kf5 62. Rf6+ Kg5 63. Rf1 Kg6 64. e6 Kg7 65. Ke5 Kg6 66. Rg1+ Kh6 67. Kf6 Re8 68. Rh1# 1-0

[Event "28th Hit Open-A 2024"]
[Site "Nova Gorica"]
[Date "2024.01.31"]
[Round "7.36"]
[White "Gricnik, Tine"]
[Black "Vicic, Mark"]
[Result "1/2-1/2"]
[ECO "D24"]
[WhiteElo "1758"]
[BlackElo "1729"]
[Annotator "NA COMBH"]
[PlyCount "53"]
[EventDate "2024.01.22"]
[EventType "swiss"]
[EventCountry "SLO"]
[SourceTitle "playchess.com"]
[Source "ChessBase"]
[SourceQuality "1"]
[TimeControl "5400+30"]

1. d4 d5 2. c4 dxc4 3. Nf3 Nf6 4. Nc3 a6 5. a4 e6 6. e4 Bb4 7. Bg5 h6 8. Bxf6 Qxf6 9. Bxc4 O-O 10. O-O Rd8 11. Qb3 a5 12. e5 Qe7 13. d5 Bxc3 14. bxc3 exd5 15. Bxd5 c6 16. Bc4 Na6 17. Rad1 Rxd1 18. Rxd1 Bg4 19. Bxa6 Bxf3 20. gxf3 Rxa6 21. f4 Ra8 22. Rd6 Rd8 23. Qd1 Rxd6 24. exd6 Qd7 25. c4 b6 26. Qd4 Kf8 27. Qxb6 1/2-1/2

[Event "28th Hit Open-A 2024"]
[Site "Nova Gorica"]
[Date "2024.01.31"]
[Round "7.37"]
[White "Zlatanovic, Marcus"]
[Black "Vodnik, Val"]
[Result "0-1"]
[ECO "C70"]
[WhiteElo "1745"]
[BlackElo "1661"]
[Annotator "NA RC"]
[PlyCount "76"]
[EventDate "2024.01.22"]
[EventType "swiss"]
[EventCountry "SLO"]
[SourceTitle "playchess.com"]
[Source "ChessBase"]
[SourceQuality "1"]
[TimeControl "5400+30"]

1. e4 e5 2. Nf3 Nc6 3. Bb5 a6 4. Ba4 Nge7 5. O-O g6 6. d3 Bg7 7. Be3 O-O 8. Nc3 b5 9. Bb3 d6 10. a4 b4 11. Nd5 a5 12. Qd2 Kh8 13. Bh6 f5 14. Bxg7+ Kxg7 15. c3 Rb8 16. Rab1 Nxd5 17. exd5 Ne7 18. c4 f4 19. d4 Bg4 20. Bd1 Bxf3 21. Bxf3 g5 22. Rfe1 Ng6 23. Bg4 Qf6 24. Re2 Rh8 25. f3 h5 26. Be6 exd4 27. Re4 Ne5 28. Qxd4 c5 29. dxc6 Qxe6 30. Rbe1 Kf7 31. Qa7+ Qe7 32. Qxe7+ Kxe7 33. c5 Kf6 34. c7 Rbc8 35. cxd6 Nf7 36. Re8 Rhxe8 37. Rxe8 Nxd6 38. Rd8 Ke7 0-1

[Event "28th Hit Open-A 2024"]
[Site "Nova Gorica"]
[Date "2024.01.31"]
[Round "7.38"]
[White "Barbir, Petar"]
[Black "Bajec, Borut"]
[Result "1-0"]
[ECO "B54"]
[WhiteElo "1738"]
[BlackElo "1703"]
[Annotator "NA RC"]
[PlyCount "73"]
[EventDate "2024.01.22"]
[EventType "swiss"]
[EventCountry "SLO"]
[SourceTitle "playchess.com"]
[Source "ChessBase"]
[SourceQuality "1"]
[TimeControl "5400+30"]

1. e4 c5 2. Nf3 Nc6 3. d4 cxd4 4. Nxd4 d6 5. c4 Nf6 6. Nc3 e6 7. Be2 Be7 8. O-O O-O 9. Be3 Bd7 10. f4 Rc8 11. Qd2 a6 12. Nc2 Re8 13. Kh1 Qc7 14. g4 Rf8 15. g5 Ne8 16. f5 f6 17. g6 Ne5 18. fxe6 Bxe6 19. Nd5 Bxd5 20. Qxd5+ Kh8 21. Nd4 Qb8 22. Ne6 Nc7 23. Nxc7 Qxc7 24. gxh7 Kxh7 25. b3 g6 26. Rf4 Kg7 27. Raf1 Rh8 28. Bd4 Rh6 29. c5 Rch8 30. R1f2 g5 31. Rf5 Rf8 32. cxd6 Bxd6 33. Rg2 Rfh8 34. Kg1 Nd7 35. Rfxg5+ Kf8 36. Rg8+ Rxg8 37. Qxg8+ 1-0

[Event "28th Hit Open-A 2024"]
[Site "Nova Gorica"]
[Date "2024.01.31"]
[Round "7.39"]
[White "Papler, Peter"]
[Black "Cortese, Lina"]
[Result "0-1"]
[ECO "D30"]
[WhiteElo "1691"]
[BlackElo "1582"]
[Annotator "NA COMBH"]
[PlyCount "74"]
[EventDate "2024.01.22"]
[EventType "swiss"]
[EventCountry "SLO"]
[SourceTitle "playchess.com"]
[Source "ChessBase"]
[SourceQuality "1"]
[TimeControl "5400+30"]

1. d4 e6 2. Nf3 f5 3. e3 Nf6 4. Nbd2 d5 5. Be2 Bd6 6. c4 c6 7. O-O Nbd7 8. b3 O-O 9. Bb2 Re8 10. Ne5 Ne4 11. f3 Nxd2 12. Qxd2 Nxe5 13. dxe5 Bf8 14. Rad1 b6 15. e4 fxe4 16. fxe4 Bc5+ 17. Kh1 Bb7 18. exd5 cxd5 19. Bf3 Rf8 20. Rfe1 Qe7 21. cxd5 Rxf3 22. gxf3 Bxd5 23. Rf1 Rf8 24. Qg2 Rf5 25. Rxd5 exd5 26. f4 Qe6 27. Qf3 Qd7 28. Rd1 d4 29. Qe4 g5 30. fxg5 d3 31. h4 Rf1+ 32. Kg2 Rxd1 33. e6 Qd6 34. Kf3 Rf1+ 35. Kg4 Rf4+ 36. Qxf4 Qxf4+ 37. Kxf4 d2 0-1

[Event "28th Hit Open-A 2024"]
[Site "Nova Gorica"]
[Date "2024.01.31"]
[Round "7.40"]
[White "Gratton, Damjan"]
[Black "Cokan, Mirko"]
[Result "0-1"]
[ECO "C63"]
[WhiteElo "1691"]
[BlackElo "1614"]
[Annotator "NA RC"]
[PlyCount "84"]
[EventDate "2024.01.22"]
[EventType "swiss"]
[EventCountry "SLO"]
[SourceTitle "playchess.com"]
[Source "ChessBase"]
[SourceQuality "1"]
[TimeControl "5400+30"]

1. e4 e5 2. Nf3 Nc6 3. Bb5 f5 4. d3 fxe4 5. dxe4 Nf6 6. Nbd2 Bc5 7. c3 O-O 8. O-O d6 9. h3 Qe7 10. Re1 Nd8 11. Nf1 c6 12. Ba4 b5 13. Bc2 Kh8 14. Bg5 Ne6 15. Bh4 Bb7 16. b4 Bb6 17. Ne3 Bxe3 18. Rxe3 Rad8 19. Qf1 Nf4 20. a4 a6 21. axb5 cxb5 22. Nd2 Ng6 23. Nf3 h6 24. c4 bxc4 25. Qxc4 Bc8 26. Bb3 Nf4 27. Qf1 Qe8 28. Rc1 Ng6 29. Bg3 Nh5 30. Bh2 Nhf4 31. Bc4 Rf6 32. Bxa6 Bxa6 33. Qxa6 d5 34. Qf1 d4 35. Rb3 d3 36. Rd1 Qe6 37. Rb2 Rdf8 38. Ne1 Ne2+ 39. Rxe2 dxe2 40. Qxe2 Rxf2 41. Qd3 Rf1+ 42. Qxf1 Qb6+ 0-1

[Event "28th Hit Open-A 2024"]
[Site "Nova Gorica"]
[Date "2024.01.31"]
[Round "7.41"]
[White "Mihelj, Edvard"]
[Black "Mulec, Dejan"]
[Result "1/2-1/2"]
[ECO "B07"]
[WhiteElo "1618"]
[BlackElo "1577"]
[Annotator "NA COMBH"]
[PlyCount "49"]
[EventDate "2024.01.22"]
[EventType "swiss"]
[EventCountry "SLO"]
[SourceTitle "playchess.com"]
[Source "ChessBase"]
[SourceQuality "1"]
[TimeControl "5400+30"]

1. e4 d6 2. d4 Nf6 3. Nc3 g6 4. Bc4 Bg7 5. h3 c6 6. a3 Nbd7 7. Nf3 O-O 8. Bf4 Nxe4 9. Nxe4 d5 10. Bxd5 cxd5 11. Ng3 Re8 12. O-O e6 13. c3 Nf6 14. Qc1 Bd7 15. Re1 a5 16. Bh6 Bb5 17. Bxg7 Kxg7 18. Ne5 Nd7 19. Ng4 Qh4 20. Re3 h5 21. Nh2 Qf4 22. Qd2 Nf6 23. Ne2 Qh6 24. Ng3 Qf4 25. Nxh5+ 1/2-1/2

[Event "28th Hit Open-A 2024"]
[Site "Nova Gorica"]
[Date "2024.02.01"]
[Round "8.1"]
[White "Ceres, Dragos"]
[Black "Basso, Pier Luigi"]
[Result "0-1"]
[ECO "C54"]
[WhiteElo "2438"]
[BlackElo "2482"]
[Annotator "ChessBase"]
[PlyCount "146"]
[EventDate "2024.01.22"]
[EventType "swiss"]
[EventCountry "SLO"]
[SourceTitle "playchess.com"]
[Source "ChessBase"]
[SourceQuality "1"]
[TimeControl "5400+30"]

1. e4 e5 2. Nf3 Nc6 3. Bc4 Bc5 4. O-O Nf6 5. d3 O-O 6. c3 d5 7. exd5 Nxd5 8. a4 Bf5 9. a5 a6 10. Re1 Qd6 11. Qe2 Nf6 12. Nbd2 Rad8 13. Ne4 Nxe4 14. dxe4 Be6 15. b4 Ba7 16. Bxe6 Qxe6 17. b5 axb5 18. Qxb5 f5 19. Ba3 fxe4 20. Rxe4 Qg6 21. Qc4+ Rf7 22. Nxe5 Nxe5 23. Rxe5 Bxf2+ 24. Kh1 Kh8 25. Bc5 Bxc5 26. Qxc5 Rdf8 27. Rg1 h6 28. h3 Kh7 29. Qb4 c6 30. Qc4 Rf4 31. Qe6 Qxe6 32. Rxe6 Ra4 33. Re7 Rxa5 34. Rxb7 Rc5 35. Rc1 Rf2 36. Kg1 Rd2 37. Rf7 h5 38. Rf2 Rd3 39. Rfc2 Kg6 40. Kf2 Kf5 41. Ke2 Rg3 42. Kf2 Rd3 43. Ke2 Ke4 44. c4 Kd4 45. Kf2 g5 46. Ke2 Re3+ 47. Kf2 Rd3 48. Ke2 Re5+ 49. Kf2 Rf5+ 50. Kg1 c5 51. Kh2 h4 52. Kg1 Re5 53. Kh2 Ree3 54. Rf2 Rc3 55. Rd1+ Rcd3 56. Rc1 Rc3 57. Rd1+ Kxc4 58. Rf5 Rg3 59. Rdd5 Kb4 60. Rxg5 Rxg5 61. Rxg5 Rd3 62. Rg4+ Rd4 63. g3 hxg3+ 64. Kg2 Ka4 65. Rxg3 c4 66. Kf2 Kb4 67. Ke2 c3 68. Rg8 c2 69. Rc8 Kb3 70. Rb8+ Kc3 71. Rc8+ Kb2 72. Rb8+ Kc1 73. Rb7 Re4+ 0-1